 Dungeon Crawl Stone Soup version 0.28.0-45-g0d030f2227 (webtiles) character file.

Game seed: 5154332885195815540

24 pkoi the Shield-Bearer (level 2, -2/25 HPs)
             Began as a Demigod Fighter on Apr 25, 2022.
             Slain by a hobgoblin (4 damage)
             ... on level 1 of the Dungeon.
             The game lasted 00:00:40 (475 turns).

pkoi the Shield-Bearer (Demigod Fighter)             Turns: 475, Time: 00:00:41

Health: -2/25      AC:  6    Str: 17    XL:     2   Next: 60%
Magic:  4/4        EV:  9    Int: 10    God:
Gold:   0          SH:  4    Dex: 13    Spells: 1/1 levels left

rFire   . . .      SeeInvis .     - Unarmed
rCold   . . .      Faith    .   b - +0 buckler
rNeg    . . .      Spirit   .   a - +0 scale mail
rPois   .          Reflect  .   (no helmet)
rElec   .          Harm     .   (no cloak)
rCorr   .          Rampage  .   (no gloves)
Will    .....                   (no boots)
Stlth   ..........              (no amulet)
HPRegen 0.08/turn               (no ring)
MPRegen 0.09/turn               (no ring)

@: no status effects
A: high MP 1, forlorn, divine attributes
a: no special abilities


You were on level 1 of the Dungeon.
You visited 1 branch of the dungeon, and saw 1 of its levels.

Inventory:

Armour
 a - a +0 scale mail (worn)
 b - a +0 buckler (worn)
Scrolls
 g - a scroll of identify {unknown}
Potions
 c - a potion of might
 d - a potion of mutation {unknown}
 e - a potion of haste {unknown}
 f - a potion of flight {unknown}


   Skills:
 - Level 2.6 Fighting
 + Level 2.9 Armour
 + Level 2.9 Shields
 * Level 2.7 Unarmed Combat


You had one spell level left.
You didn't know any spells.
Your spell library was empty.

Dungeon Overview and Level Annotations

Branches:
Dungeon (1/15)


Innate Abilities, Weirdness & Mutations

You have an increased reservoir of magic. (+10% MP)
You shall have no god before yourself.
Your divine heritage dramatically boosts your attributes as you level up.


Message History

You are frozen.
* * * LOW HITPOINT WARNING * * *
You are too injured to fight recklessly!
You are too injured to fight recklessly!
You are too injured to fight recklessly!
You are too injured to fight recklessly!
You are too injured to fight recklessly!
You are too injured to fight recklessly!
You are too injured to fight recklessly!
You are too injured to fight recklessly!
The hobgoblin hits you but does no damage.
Unknown command.
You closely miss the hobgoblin. You block the goblin's attack.
The hobgoblin hits you but does no damage.
You barely miss the goblin. The goblin barely misses you.
The hobgoblin closely misses you.
You miss the goblin. The goblin hits you but does no damage.
The hobgoblin hits you.
* * * LOW HITPOINT WARNING * * *
You miss the goblin. The goblin hits you with a +0 club.
* * * LOW HITPOINT WARNING * * *
The hobgoblin closely misses you.
You closely miss the goblin. The goblin hits you but does no damage.
The hobgoblin hits you.
* * * LOW HITPOINT WARNING * * *
You hit the goblin.
You kill the goblin!
The hobgoblin barely misses you. The endoplasm barely misses you.
You hit the endoplasm.
The endoplasm is severely wounded.
The hobgoblin hits you.
* * * LOW HITPOINT WARNING * * *
The endoplasm freezes you.
You are frozen.
* * * LOW HITPOINT WARNING * * *
The hobgoblin hits you.
* * * LOW HITPOINT WARNING * * *
The hobgoblin hits you.
You die...

#........# .# #
##...##### .# #..### ##.#
##.## #..#
###..########.####### #
#........†...........
###.#############.#######
.......####g>........#
#.ll)J.@........#
#.....w###......†...#
#......# #..........#
#......# #.......>..#
#......# #..........#
#......# #..........#
#......# #..........#
#......# ############


You could see a dart slug, an endoplasm, a hobgoblin and 2 frilled lizards.

Vanquished Creatures
  A dart slug (D:1)
  3 bats (D:1)
  An endoplasm (D:1)
  A goblin (D:1)
  3 hobgoblins (D:1)
  6 jackals (D:1)
  2 ball pythons (D:1)
  3 rats (D:1)
20 creatures vanquished.

Notes
Turn   | Place    | Note
-------+----------+-------------------------------------------
     0 | D:1      | pkoi the Demigod Fighter began the quest for the Orb.
     0 | D:1      | Reached XP level 1. HP: 18/18 MP: 3/3
   242 | D:1      | Reached XP level 2. HP: 25/25 MP: 4/4
   475 | D:1      | Slain by a hobgoblin

Illustrated notes

Levels and vault maps discovered:
D:1:      minmay_arrival_five_plusses, layout_rooms, minivault_26

Skill      XL: |  1 |
---------------+----+-----
Unarmed Combat | 2 |  2.7
Fighting       | |  2.6
Armour         | |  2.9
Shields        | |  2.9

Action                   || total
-------------------------++-------
Melee: Unarmed           ||    84
Armor: Scale mail        ||    49
Dodge: Dodged            ||    41
Block: Buckler           ||    18
